 Dungeon Crawl Stone Soup version 0.13.0 (webtiles) character file.

338 Chiseanne the Bolt Thrower (level 5, 0/31 HPs)
             Began as a Tengu Hunter on Oct 12, 2013.
             Killed from afar by an orc wizard (6 damage)
             ... with a puff of frost
             ... on Level 3 of the Dungeon.
             The game lasted 00:11:25 (2495 turns).

Chiseanne the Bolt Thrower (Tengu Hunter)           Turns: 2495, Time: 00:11:27

HP   0/31        AC  8     Str 12      XL: 5   Next: 52%
MP   6/6         EV 15     Int 10      God:
Gold 166         SH  0     Dex 20      Spells:  0 memorised,  4 levels left

Res.Fire  : + . .   See Invis. : .   w - +1 crossbow
Res.Cold  : . . .   Warding    : .   s - +1 dwarf ring mail
Life Prot.: . . .   Conserve   : .   (no shield)
Res.Poison: .       Res.Corr.  : .   (helmet restricted)
Res.Elec. : .       Clarity    : .   (no cloak)
Sust.Abil.: . .     Spirit.Shd : .   q - +0 pair of gauntlets
Res.Mut.  : .       Stasis     : .   (boots unavailable)
Res.Rott. : .       Flight     : .   (no amulet)
Saprovore : . . .                    (no ring)
                                     d - ring of protection from fire {unknown}

@: agile, slightly resistant to hostile enchantments, stealthy
A: able to fly, beak, talons 3, regeneration 1, Int -2
a: Fly


You were on level 3 of the Dungeon.
You were not hungry.

You visited 1 branch of the dungeon, and saw 3 of its levels.

You collected 146 gold pieces.

Inventory:

Hand weapons
 a - a +0,+0 hand axe
 w - a +1,+1 crossbow (weapon)
Missiles
 c - 27 bolts (quivered)
 e - 83 darts
 g - 5 poisoned darts
 h - 65 arrows
 o - 11 poisoned arrows
 p - a throwing net
Armour
 q - a +0 pair of gauntlets (worn)
 s - a +1 dwarven ring mail (worn)
Comestibles
 f - a bread ration
 l - a lemon
 m - a meat ration
 r - a pear
Scrolls
 i - 2 scrolls of identify {unknown}
 j - 3 scrolls of remove curse {unknown}
Jewellery
 d - a ring of protection from fire (left hand) {unknown}


   Skills:
 * Level 2.2 Fighting
 - Level 4.3 Crossbows
 * Level 2.4 Throwing
 * Level 2.9 Armour
 * Level 3.6 Dodging
 - Level 1.0 Stealth


You had 4 spell levels left.
You didn't know any spells.

Dungeon Overview and Level Annotations

Branches:
Dungeon (3/27)

Altars:


Innate Abilities, Weirdness & Mutations

You can fly.
You have a beak for a mouth.
You have claws for feet.
You are dopey. (Int -2)
Your natural rate of healing is unusually fast.


Message History

The orc wizard hits you but does no damage.
The orc priest misses you. The orc barely misses you.
The orc wizard gestures at you while chanting.
The puff of frost misses you. The orc priest completely misses you.
The orc barely misses you. The bat barely misses you.
The orc wizard completely misses you.
The orc wizard hits you but does no damage.
The orc priest calls down the wrath of Beogh upon you.
Pain shoots through your body!
* * * LOW HITPOINT WARNING * * *
Firing (i - inventory. (,) - cycle):
c - 28 bolts (quivered)
Press: ? - help, Shift-Dir - straight line, f - orc wizard
Aim: an orc wizard, wielding an orcish dagger and wearing an orcish robe (moving very quickly)
You shoot a bolt. The bolt hits the orc wizard.
The bat closely misses you. The orc wizard misses you.
The orc hits you but does no damage. The orc wizard completely misses you.
The orc misses you. The bat misses you. The bat closely misses you.
The orc wizard casts a spell at you. The puff of frost hits you!
You die...

.........#########..#############
.................................
.........#########..#############
.........# #......# .........#
#......# .........# #......#
########## #......# #.b....#
#o@....# #..o.oo...(.#
#.#.#.#.#.#.# #...........#
#.#(#>#.#.#.# #........... # #
#(# # # ?.. #(#


You could see an orc priest, an orc wizard, 2 orcs and a bat.

Vanquished Creatures
  A scorpion (D:3)
  Ijyb (D:3)
  Jessica (D:3)
  3 adders
  4 worms
  5 giant geckos
  An orc (D:3)
  2 giant cockroaches (D:1)
  7 goblins
  6 hobgoblins
  2 jackals (D:1)
  A quokka (D:2)
  2 ball pythons (D:2)
  7 bats
  4 giant newts
  10 kobolds
  7 rats
64 creatures vanquished.

Notes
Turn   | Place    | Note
--------------------------------------------------------------
     0 | D:1      | Chiseanne, the Tengu Hunter, began the quest for the Orb.
     0 | D:1      | Reached XP level 1. HP: 12/12 MP: 0/0
    63 | D:1      | Reached XP level 2. HP: 17/17 MP: 2/2
   145 | D:1      | Reached skill level 1 in Throwing
   573 | D:1      | Reached XP level 3. HP: 21/21 MP: 3/3
   854 | D:2      | Reached skill level 1 in Armour
  1229 | D:2      | Reached XP level 4. HP: 26/26 MP: 4/4
  1881 | D:3      | Noticed Jessica
  1892 | D:3      | Killed Jessica
  2051 | D:3      | Reached XP level 5. HP: 25/31 MP: 6/6
  2348 | D:3      | Noticed Ijyb
  2361 | D:3      | Killed Ijyb
  2382 | D:3      | Gained mutation: You are dopey. (Int -2) [potion of mutation]
  2382 | D:3      | Gained mutation: Your natural rate of healing is unusually fast. [potion of mutation]
  2495 | D:3      | Killed from afar by an orc wizard

Action                   |  1- 3 |  4- 6 || total
-------------------------+-------+-------++-------
 Fire: Crossbow          |    59 |    75 ||   134
  Use: Potion            |     4 |     4 ||     8
       Scroll            |     1 |       ||     1
